[Event "Titled Tuesday Blitz April 11 Late 2023"]
[White "Sarana, Alexey"]
[Black "Yuan, Qingyu"]
[WhiteFideId "24133795"]
[BlackFideId "8609772"]
[WhiteElo "2714"]
[BlackElo "2359"]
[Result "1-0"]
[Round "05"]
[TimeControl "180+2"]
[Date "2023.04.11"]
[WhiteClock "0:00:13"]
[BlackClock "0:00:01"]

1. d4 Nf6 2. c4 e6 3. Nc3 Bb4 4. e3 O-O 5. Bd3 d5 6. a3 Bxc3+ 7. bxc3 dxc4 8. Bxc4 c5 9. Ne2 Qc7 10. Bd3 b6 11. e4 Ba6 12. Bg5 Bxd3 13. Qxd3 Nfd7 14. O-O Nc6 15. Rad1 cxd4 16. cxd4 Na5 17. d5 Nc5 18. Qf3 exd5 19. exd5 Rfe8 20. Nd4 Qd7 21. Nf5 Re5 22. d6 Rae8 23. Ne7+ Kh8 24. Bf4 Re6 25. Bg3 f6 26. Qh5 Nc6 27. Nxc6 Qxc6 28. h3 Nd7 29. Qf7 Re2 30. Rc1 Nc5 31. Rfd1 Rd8 32. d7 Qe6 33. Qxe6 Nxe6 34. Rc8 Kg8 35. Bc7 Kf7 36. Bxd8 Rd2 37. Rxd2 1-0


[Site "https://www.chess.com"]

[Event "Titled Tuesday Blitz April 11 Late 2023"]
[White "Hambleton, Aman"]
[Black "Firouzja, Alireza"]
[WhiteFideId "2606577"]
[BlackFideId "12573981"]
[WhiteElo "2511"]
[BlackElo "2904"]
[Result "0-1"]
[Round "05"]
[TimeControl "180+2"]
[Date "2023.04.11"]
[WhiteClock "0:00:01"]
[BlackClock "0:00:17"]

1. d4 Nf6 2. c4 g6 3. Nc3 Bg7 4. e4 O-O 5. f3 d6 6. Be3 c5 7. dxc5 dxc5 8. Qxd8 Rxd8 9. Bxc5 Nc6 10. Nd5 Nd7 11. Bxe7 Nxe7 12. Nxe7+ Kf8 13. Nd5 Bxb2 14. Rb1 Bg7 15. Nh3 b6 16. g4 Bb7 17. Be2 Rac8 18. Kf2 Rc5 19. Rhc1 Rdc8 20. Nhf4 Ne5 21. Nd3 Rxc4 22. Rxc4 Nxc4 23. Rc1 b5 24. Kg3 Re8 25. Bf1 a6 26. Nc5 Bxd5 27. exd5 Nd2 28. Rd1 Be5+ 29. f4 Nxf1+ 30. Rxf1 Bd6 31. Nd7+ Kg7 32. g5 h6 33. h4 Re2 34. Kf3 Rxa2 35. Rc1 Ra4 36. Nf6 Bxf4 37. Rc8 hxg5 38. Ne8+ Kh6 39. d6 g4+ 40. Kg2 Rd4 41. Nf6 Rd2+ 42. Kf1 Rxd6 43. Nxg4+ Kg7 44. Ra8 b4 0-1


[Site "https://www.chess.com"]

[Event "Titled Tuesday Blitz April 11 Late 2023"]
[White "Kramnik, Vladimir"]
[Black "Pulpan, Jakub"]
[WhiteFideId "4101588"]
[BlackFideId "302759"]
[WhiteElo "2712"]
[BlackElo "2484"]
[Result "1-0"]
[Round "05"]
[TimeControl "180+2"]
[Date "2023.04.11"]
[WhiteClock "0:00:34"]
[BlackClock "0:00:01"]

1. e4 e5 2. Nf3 Nc6 3. g3 Nf6 4. d3 g6 5. Bg2 Bg7 6. Nc3 O-O 7. O-O Re8 8. Re1 a6 9. h3 b5 10. a4 Rb8 11. axb5 axb5 12. Bg5 h6 13. Be3 d6 14. Qd2 Kh7 15. Nh2 b4 16. Ne2 d5 17. f3 Be6 18. b3 Qd7 19. g4 Red8 20. Ng3 Nd4 21. Bxd4 exd4 22. e5 Ng8 23. f4 Ne7 24. Ra7 Ra8 25. Rxa8 Rxa8 26. Qxb4 c5 27. Qd2 Ra2 28. Nf3 Nc6 29. Qf2 Nb4 30. Re2 c4 31. Nxd4 cxd3 32. cxd3 Nxd3 33. Qe3 Rxe2 34. Ngxe2 Nb4 35. Qc3 Bf8 36. Kh2 Kg8 37. Ng3 Qe8 38. f5 Bd7 39. Nf3 g5 40. Nh5 Qe7 41. Nf6+ Kh8 42. Nxd7 Qd6 1-0


[Site "https://www.chess.com"]

[Event "Titled Tuesday Blitz April 11 Late 2023"]
[White "Martinez Alcantara, Jose Eduardo"]
[Black "Weetik, Vjacheslav"]
[WhiteFideId "3805662"]
[BlackFideId "4153472"]
[WhiteElo "2711"]
[BlackElo "2469"]
[Result "1-0"]
[Round "05"]
[TimeControl "180+2"]
[Date "2023.04.11"]
[WhiteClock "0:00:50"]
[BlackClock "0:00:01"]

1. e4 c5 2. Nf3 Nc6 3. Bb5 g6 4. O-O Bg7 5. c3 Nf6 6. Re1 O-O 7. h3 e5 8. d3 d6 9. Bg5 h6 10. Bxf6 Bxf6 11. Nbd2 Bg7 12. a3 Ne7 13. b4 g5 14. Nf1 a6 15. Bc4 cxb4 16. axb4 Kh8 17. Ne3 Be6 18. Bxe6 fxe6 19. g3 Rc8 20. Rc1 Ng6 21. Kg2 Rc7 22. Nh2 d5 23. Qe2 d4 24. cxd4 exd4 25. Nc4 Rcf7 26. Rf1 Qe7 27. Rb1 b5 28. Nd2 Ne5 29. Ng4 Rc8 30. Nxe5 Bxe5 31. Nf3 Bg7 32. Nh2 Rc3 33. Rb2 Rf8 34. Rd1 Rfc8 35. Rdd2 Qf7 36. Ra2 R8c6 37. Ra1 Kh7 38. Rda2 Qb7 39. Nf3 Rb3 40. h4 Rcc3 41. Rd1 g4 42. Nd2 Rxb4 43. Qxg4 Rxd3 44. Qxe6 Qc7 45. Rxa6 Rb2 46. Qf5+ Kg8 47. Ra8+ 1-0


[Site "https://www.chess.com"]

[Event "Titled Tuesday Blitz April 11 Late 2023"]
[White "Kollars, Dmitrij"]
[Black "Javakhadze, Zurab"]
[WhiteFideId "12909572"]
[BlackFideId "13603647"]
[WhiteElo "2584"]
[BlackElo "2381"]
[Result "1-0"]
[Round "05"]
[TimeControl "180+2"]
[Date "2023.04.11"]
[WhiteClock "0:00:07"]
[BlackClock "0:00:02"]

1. d4 d5 2. Nf3 Nf6 3. c3 Bf5 4. Qb3 b6 5. Bf4 e6 6. Nbd2 Bd6 7. e3 O-O 8. Be2 Bxf4 9. exf4 c5 10. O-O Nc6 11. Qa4 Rc8 12. Bb5 Qc7 13. Rfe1 a6 14. Bxc6 Qxc6 15. Qxa6 Ne4 16. Nxe4 Bxe4 17. Ne5 Qc7 18. f3 Bf5 19. g4 Bg6 20. Qe2 cxd4 21. cxd4 Rfe8 22. Qd2 f6 23. Rac1 Qd6 24. Nxg6 hxg6 25. a3 Kf7 26. Rxc8 Rxc8 27. Rc1 Rc4 28. Kg2 Qc7 29. Rxc4 dxc4 30. d5 Qc5 31. dxe6+ Kxe6 32. h4 b5 33. Kf1 Kf7 34. Kg2 Ke6 35. Qd8 Kf7 36. Qd7+ Kg8 37. f5 gxf5 38. Qe8+ Kh7 39. Qh5+ Kg8 40. Qe8+ Kh7 41. g5 fxg5 42. hxg5 Qd6 43. Qh5+ Kg8 44. Qe8+ Kh7 45. Qh5+ Kg8 46. g6 Qd2+ 47. Kh3 Qxb2 48. Qxf5 Qf6 49. Qd5+ Kf8 50. Qc5+ Kg8 51. Qc8+ Qf8 52. Qe6+ Kh8 53. Qe4 1-0


[Site "https://www.chess.com"]

[Event "Titled Tuesday Blitz April 11 Late 2023"]
[White "Koziorowicz, Michal"]
[Black "Steinberg, Nitzan"]
[WhiteFideId "21809194"]
[BlackFideId "2801795"]
[WhiteElo "2255"]
[BlackElo "2486"]
[Result "0-1"]
[Round "05"]
[TimeControl "180+2"]
[Date "2023.04.11"]
[WhiteClock "0:01:25"]
[BlackClock "0:01:51"]

1. e4 g6 2. d4 Bg7 3. Nc3 d6 4. Be3 a6 5. h4 h5 6. Nf3 Bg4 7. Be2 b5 8. Ng5 Bxe2 9. Qxe2 Nd7 10. Qf3 Ngf6 11. Ne2 O-O 12. Nf4 e5 13. Ne2 exd4 14. Nxd4 Ne5 15. Qg3 c5 16. Ne2 Nc4 17. O-O-O Qa5 18. Kb1 Nxb2 19. Bd2 b4 20. Nc1 Nxd1 21. Rxd1 Qa3 22. Nb3 Nxe4 23. Bc1 Nxg3 24. Bxa3 Ne2 25. Bb2 c4 26. Na5 Nc3+ 27. Bxc3 bxc3 28. Nxc4 Rab8+ 29. Kc1 Rb4 30. Na3 Rfb8 31. Rd3 Rxh4 32. Kd1 Ra4 0-1


[Site "https://www.chess.com"]

[Event "Titled Tuesday Blitz April 11 Late 2023"]
[White "Nazari, Arad"]
[Black "Eljanov, Pavel"]
[WhiteFideId "12577324"]
[BlackFideId "14102951"]
[WhiteElo "2242"]
[BlackElo "2598"]
[Result "1/2-1/2"]
[Round "05"]
[TimeControl "180+2"]
[Date "2023.04.11"]
[WhiteClock "0:00:03"]
[BlackClock "0:00:25"]

1. e4 c6 2. Nf3 d5 3. Nc3 dxe4 4. Nxe4 Nf6 5. Qe2 Na6 6. d4 Nxe4 7. Qxe4 Qd5 8. Qxd5 cxd5 9. Bb5+ Bd7 10. Bxd7+ Kxd7 11. c3 f6 12. O-O e6 13. Re1 Nb8 14. b3 Nc6 15. c4 Bb4 16. Rd1 a5 17. Rb1 Bd6 18. Ne1 Rhb8 19. Nc2 Nb4 20. Nxb4 axb4 21. Rb2 b6 22. cxd5 exd5 23. Re2 Rc8 24. g3 Ra7 25. Kf1 g5 26. h3 h5 27. g4 hxg4 28. hxg4 Rca8 29. Rdd2 Bf4 30. Rc2 Bxc1 31. Rxc1 Rxa2 32. Re3 Ra1 33. Rxa1 Rxa1+ 34. Ke2 Ra2+ 35. Ke1 Rb2 36. Rf3 Ke6 37. Re3+ Kf7 38. Rf3 Kg6 39. Re3 b5 40. Rf3 Ra2 41. Rf5 Ra1+ 42. Ke2 Rg1 43. Kf3 Rb1 44. Rxd5 Rxb3+ 45. Ke4 Rb2 46. f3 b3 47. Rxb5 Rb1 48. Kd3 b2 49. Kc2 Rf1 50. Rxb2 Rxf3 51. d5 Rf4 52. Kc3 Rxg4 53. d6 Kf7 54. Re2 Rg1 55. Kd2 Ra1 56. Re7+ Kf8 57. Re6 Kf7 58. Re7+ Kf8 59. Re6 Ra5 60. Rxf6+ Kg7 61. Re6 Kf7 62. Re7+ Kf6 63. Rd7 Re5 64. Kd3 Kf5 65. Rf7+ Ke6 66. Re7+ Kxd6 67. Rxe5 Kxe5 68. Ke3 g4 69. Kf2 g3+ 70. Kxg3 1/2-1/2


[Site "https://www.chess.com"]

[Event "Titled Tuesday Blitz April 11 Late 2023"]
[White "Terry, Renato"]
[Black "Pakleza, Zbigniew"]
[WhiteFideId "3803457"]
[BlackFideId "1119290"]
[WhiteElo "2575"]
[BlackElo "2410"]
[Result "1-0"]
[Round "05"]
[TimeControl "180+2"]
[Date "2023.04.11"]
[WhiteClock "0:00:22"]
[BlackClock "0:00:05"]

1. Nf3 d5 2. e3 Nf6 3. b3 Bf5 4. Bb2 e6 5. Be2 h6 6. O-O Be7 7. d3 O-O 8. Nbd2 c5 9. Ne5 Nbd7 10. f4 Bh7 11. Ndf3 Rc8 12. c4 Nxe5 13. Nxe5 Qa5 14. g4 Qc7 15. g5 hxg5 16. fxg5 Nd7 17. g6 Nxe5 18. gxh7+ Kxh7 19. d4 Ng6 20. cxd5 exd5 21. Bd3 Kg8 22. Qh5 c4 23. Rac1 Qb6 24. Bf5 Rc6 25. Rf3 Rd8 26. Rh3 Bf6 27. Ba3 Rcd6 28. bxc4 dxc4 29. Bxd6 Rxd6 30. Rxc4 Rc6 31. Bd3 Rxc4 32. Bxc4 Qb1+ 33. Kf2 Qc2+ 34. Qe2 Qc1 35. Qf1 Qd2+ 36. Kg1 Nh4 37. Kh1 b5 38. Bxb5 Bg5 39. Bc4 Bf6 40. Rxh4 1-0


[Site "https://www.chess.com"]

[Event "Titled Tuesday Blitz April 11 Late 2023"]
[White "Iliaguev, Nisim"]
[Black "Ibarra Jerez, Jose Carlos"]
[WhiteFideId "2817276"]
[BlackFideId "2226332"]
[WhiteElo "2241"]
[BlackElo "2638"]
[Result "1/2-1/2"]
[Round "05"]
[TimeControl "180+2"]
[Date "2023.04.11"]
[WhiteClock "0:00:39"]
[BlackClock "0:00:21"]

1. d4 Nf6 2. g3 c5 3. Bg2 cxd4 4. Nf3 e5 5. O-O Nc6 6. c3 dxc3 7. Nxc3 d6 8. Bg5 Be7 9. Bxf6 Bxf6 10. Nd5 O-O 11. Nd2 Be6 12. Nc4 Kh8 13. Rc1 Rc8 14. e3 Bg5 15. h4 Bh6 16. Qe2 f5 17. Rfd1 e4 18. Nf4 Bxc4 19. Qxc4 Bxf4 20. exf4 Qf6 21. b3 h6 22. Qd5 Nb4 23. Qxb7 Rxc1 24. Rxc1 Nd3 25. Rc7 Qa1+ 26. Bf1 Qxa2 27. Qxa7 Qxa7 28. Rxa7 Rb8 29. Rd7 Rxb3 30. Rxd6 Kg8 31. Rd5 g6 32. h5 Kf7 33. hxg6+ Kxg6 34. Rd6+ Kf7 35. Rxh6 Ke7 36. Rh7+ Ke6 37. Ra7 Rb1 38. Ra6+ Kd5 39. Kg2 Ne1+ 40. Kh3 Nf3 41. Ra5+ Kd4 42. Bg2 Rb2 43. Rxf5 Rxf2 44. Bxf3 exf3 45. Re5 Rf1 46. Kg4 f2 47. Kf3 Re1 48. Kxf2 Rxe5 49. fxe5 Kxe5 50. Ke3 Kf5 51. Kf3 Kg5 52. g4 Kg6 53. Kg3 Kg5 54. Kf3 Kg6 55. Kf4 Kf6 56. g5+ Kg6 57. Kg4 Kg7 58. Kf5 Kf7 59. Ke5 Kg6 60. Kf4 Kg7 61. Kf5 Kf7 62. g6+ Kg7 63. Kg5 Kg8 64. Kh6 Kh8 65. Kg5 Kg7 66. Kf5 Kg8 67. Kf6 Kf8 68. Ke6 Kg7 69. Kf5 Kg8 70. Kg5 Kg7 71. Kh5 Kg8 72. Kh6 Kh8 73. g7+ Kg8 74. Kg6 1/2-1/2


[Site "https://www.chess.com"]

[Event "Titled Tuesday Blitz April 11 Late 2023"]
[White "Korchmar, Vasiliy"]
[Black "Corrales Jimenez, Fidel"]
[WhiteFideId "24131750"]
[BlackFideId "3506690"]
[WhiteElo "2370"]
[BlackElo "2541"]
[Result "0-1"]
[Round "05"]
[TimeControl "180+2"]
[Date "2023.04.11"]
[WhiteClock "0:00:07"]
[BlackClock "0:01:13"]

1. e4 c6 2. d4 d5 3. e5 Bf5 4. Nd2 c5 5. dxc5 e6 6. Nb3 Bxc5 7. Nxc5 Qa5+ 8. c3 Qxc5 9. Nf3 Ne7 10. Be3 Qc7 11. Be2 Nd7 12. Bd4 Be4 13. O-O Bxf3 14. Bxf3 Nc6 15. Re1 Ndxe5 16. Bxd5 O-O-O 17. Be4 Kb8 18. Qa4 Nxd4 19. cxd4 Qc4 20. Qa5 Qxd4 21. Bxb7 Nd3 22. Bf3 Qxf2+ 23. Kh1 Qb6 24. Qg5 Nf2+ 0-1


[Site "https://www.chess.com"]

[Event "Titled Tuesday Blitz April 11 Late 2023"]
[White "Kosteniuk, Alexandra"]
[Black "Licznerski, Lukasz"]
[WhiteFideId "4128125"]
[BlackFideId "1179250"]
[WhiteElo "2453"]
[BlackElo "2450"]
[Result "1-0"]
[Round "05"]
[TimeControl "180+2"]
[Date "2023.04.11"]
[WhiteClock "0:00:08"]
[BlackClock "0:00:01"]

1. e4 c6 2. Nc3 d5 3. Nf3 Bg4 4. h3 Bh5 5. exd5 cxd5 6. d4 Nc6 7. Bb5 e6 8. g4 Bg6 9. Ne5 Rc8 10. O-O Bd6 11. f4 Ne7 12. Be3 f6 13. Nxg6 hxg6 14. Kg2 Kf7 15. a3 Na5 16. Bd3 Nc4 17. Bc1 Qb6 18. Ra2 Nxa3 19. Ne2 Nc4 20. c3 a6 21. Qc2 Qc6 22. Ng3 b5 23. Qb1 Qb7 24. Qa1 Ra8 25. b3 Nb6 26. Re2 Nd7 27. Bd2 Nf8 28. Rf3 a5 29. Qe1 a4 30. bxa4 bxa4 31. Rfe3 Qd7 32. f5 exf5 33. gxf5 gxf5 34. Rxe7+ Bxe7 35. Nxf5 Bd6 36. c4 a3 37. c5 a2 38. cxd6 a1=Q 39. Re7+ Kg8 40. Rxd7 Nxd7 41. Qe6+ Kh7 42. Qxd7 Rhg8 43. Ne7+ 1-0


[Site "https://www.chess.com"]

[Event "Titled Tuesday Blitz April 11 Late 2023"]
[White "Makarian, Rudik"]
[Black "Adewumi, Tanitoluwa"]
[WhiteFideId "44105681"]
[BlackFideId "30966396"]
[WhiteElo "2430"]
[BlackElo "2283"]
[Result "1-0"]
[Round "05"]
[TimeControl "180+2"]
[Date "2023.04.11"]
[WhiteClock "0:02:17"]
[BlackClock "0:01:43"]

1. d4 Nf6 2. Nf3 e6 3. c4 b6 4. g3 Ba6 5. b3 Bb4+ 6. Bd2 Be7 7. Nc3 c6 8. e4 d5 9. cxd5 Bxf1 10. Kxf1 cxd5 11. e5 Ne4 12. Qe2 Nxc3 13. Bxc3 Qc8 14. Rc1 Qa6 15. h4 h5 16. Rc2 Kd7 17. Ng5 Rf8 18. Nh3 g6 19. Nf4 Rc8 20. Nd3 Nc6 21. Nc5+ 1-0


[Site "https://www.chess.com"]

[Event "Titled Tuesday Blitz April 11 Late 2023"]
[White "Kleiman, Jake"]
[Black "Kamsky, Gata"]
[WhiteFideId "2020041"]
[BlackFideId "2000024"]
[WhiteElo "2399"]
[BlackElo "2660"]
[Result "1/2-1/2"]
[Round "05"]
[TimeControl "180+2"]
[Date "2023.04.11"]
[WhiteClock "0:00:21"]
[BlackClock "0:00:15"]

1. e4 g6 2. d4 Bg7 3. Nc3 d6 4. Nf3 a6 5. a4 b6 6. Bd3 e6 7. O-O Bb7 8. Ne2 Nd7 9. c4 a5 10. Be3 Ngf6 11. Nc3 O-O 12. h3 e5 13. d5 Nc5 14. Bc2 Nfd7 15. Qb1 Na6 16. Nd2 Ndc5 17. Kh1 Nb4 18. Ne2 Bc8 19. Ng3 Bd7 20. Ra3 Qe8 21. b3 f5 22. exf5 Nxc2 23. Qxc2 gxf5 24. f4 Qg6 25. Kh2 Rae8 26. Nf3 e4 27. Nd4 Rf7 28. Raa1 Bf6 29. Nge2 Rg7 30. Rg1 Kh8 31. Raf1 Reg8 32. Qd1 Qh6 33. Bd2 Rg6 34. Be3 Qg7 35. g3 h5 36. Rg2 h4 37. Rfg1 Qh7 38. gxh4 Rxg2+ 39. Rxg2 Rxg2+ 40. Kxg2 Bxh4 41. Kh2 Qg6 42. Qf1 Kh7 43. Bf2 Bf6 44. Be3 Nd3 45. Nc2 Bh4 46. Ncd4 Qh5 47. Qg2 Ne1 48. Qf1 Nf3+ 49. Nxf3 Qxf3 50. Qxf3 exf3 51. Nd4 f2 52. Kg2 Kg6 53. Bxf2 Bf6 54. Kf3 Bxd4 55. Bxd4 Be8 56. Kg3 Bd7 57. Kf3 Be8 58. Bf2 Kh5 59. Bg3 Bf7 60. Be1 Be8 61. Kg3 Bd7 62. Bc3 Kg6 63. Bd4 Be8 64. Kh4 Bd7 65. Be3 Be8 66. Bc1 Bd7 67. Bb2 Be8 68. Kg3 Bd7 69. h4 Be8 70. h5+ Kxh5 71. Bf6 c6 72. dxc6 Bxc6 73. Bd8 d5 74. cxd5 Bxd5 75. Bxb6 Bxb3 76. Bxa5 Bxa4 77. Bc3 Bb5 78. Be5 Bc6 79. Kf2 Be4 80. Kg3 Bd5 81. Kf2 Be4 82. Kg3 Bd5 83. Kf2 Be4 1/2-1/2


[Site "https://www.chess.com"]

[Event "Titled Tuesday Blitz April 11 Late 2023"]
[White "Karthikeyan, Murali"]
[Black "Kevlishvili, Robby"]
[WhiteFideId "5074452"]
[BlackFideId "1040634"]
[WhiteElo "2523"]
[BlackElo "2572"]
[Result "0-1"]
[Round "05"]
[TimeControl "180+2"]
[Date "2023.04.11"]
[WhiteClock "0:00:12"]
[BlackClock "0:01:04"]

1. e4 c5 2. Nf3 d6 3. Bb5+ Nc6 4. O-O Bd7 5. Re1 a6 6. Bxc6 Bxc6 7. d4 cxd4 8. Nxd4 Rc8 9. Nc3 Nf6 10. Bg5 e6 11. Qd2 Be7 12. Rad1 O-O 13. h3 b5 14. a3 Ba8 15. Qd3 Rc5 16. Qg3 Qb6 17. Be3 Qb8 18. Nb3 Rxc3 19. bxc3 Nxe4 20. Qg4 f5 21. Qf4 e5 22. Qh2 f4 23. Bc1 Qb6 24. Rf1 Nxc3 25. Rde1 Qc6 26. Kh1 Rf6 27. f3 Rg6 28. Bxf4 Bh4 29. Bd2 Bxe1 30. Rxe1 Qxf3 0-1


[Site "https://www.chess.com"]

[Event "Titled Tuesday Blitz April 11 Late 2023"]
[White "Poliakova, Varvara"]
[Black "Grigorjev, Iljya"]
[WhiteFideId "13518313"]
[BlackFideId "24159565"]
[WhiteElo "2075"]
[BlackElo "2323"]
[Result "0-1"]
[Round "05"]
[TimeControl "180+2"]
[Date "2023.04.11"]
[WhiteClock "0:00:56"]
[BlackClock "0:00:46"]

1. h3 Nh6 2. a3 Na6 3. Rh2 Rb8 4. Ra2 f6 5. b3 Rg8 6. g3 c6 7. Bb2 Kf7 8. Bg2 Ke6 9. e3 Kd6 10. Ke2 Kc7 11. Kd3 Qe8 12. Ke2 Kd8 13. Ke1 Nc7 14. Nc3 d5 15. Nce2 e5 16. d3 Nf7 17. Nf3 Bd6 18. Nd2 Be6 19. Kf1 Qe7 20. Kg1 h5 21. Kh1 g5 22. Qa1 Rh8 23. c4 h4 24. g4 Qd7 25. b4 dxc4 26. dxc4 b5 27. Bc3 bxc4 28. Ne4 Nd5 29. Rd2 Ke7 30. Qd1 Rhd8 31. Ng1 Nxc3 32. Nxc3 Qc8 33. Be4 Bc7 34. Nf3 Rxd2 35. Nxd2 Qd7 36. Qe2 Nd6 37. Bb1 Rd8 38. Rg2 Nb5 39. Nxb5 cxb5 40. f3 c3 41. Ne4 Bc4 42. Qe1 Qd1 43. Rg1 Qxf3+ 44. Kh2 Rd2+ 45. Nxd2 e4+ 0-1


[Site "https://www.chess.com"]

[Event "Titled Tuesday Blitz April 11 Late 2023"]
[White "Tarlabasi, Emirhan"]
[Black "Keymer, Vincent"]
[WhiteFideId "6350275"]
[BlackFideId "12940690"]
[WhiteElo "2200"]
[BlackElo "2651"]
[Result "1/2-1/2"]
[Round "05"]
[TimeControl "180+2"]
[Date "2023.04.11"]
[WhiteClock "0:00:03"]
[BlackClock "0:00:03"]

1. d4 Nf6 2. c4 e6 3. Nf3 d5 4. Nc3 c6 5. e3 Nbd7 6. Be2 Bd6 7. b3 O-O 8. Bb2 b6 9. O-O Bb7 10. Qc2 Re8 11. Rfd1 Qe7 12. Rac1 Rac8 13. e4 dxe4 14. Nxe4 Nxe4 15. Qxe4 Nf6 16. Qh4 h6 17. Re1 Bb4 18. Red1 Ba3 19. Bxa3 Qxa3 20. Rc2 Red8 21. Rcd2 c5 22. dxc5 Rxd2 23. Rxd2 Qxc5 24. Qd4 Ne4 25. Qxc5 Nxc5 26. h3 Kf8 27. b4 Na4 28. Rd7 Bxf3 29. gxf3 a5 30. a3 Nc3 31. Bf1 Nb1 32. Rb7 Rc6 33. c5 bxc5 34. bxa5 Nd2 35. a6 Nxf1 36. a7 Ra6 37. Rb8+ Ke7 38. a8=Q Rxa8 39. Rxa8 Nd2 40. Rc8 c4 41. a4 Kd7 42. Rc5 Kd6 43. Rc8 Kd7 44. Rc5 Kd6 45. Rc8 Kd7 1/2-1/2


[Site "https://www.chess.com"]

[Event "Titled Tuesday Blitz April 11 Late 2023"]
[White "Rustemov, Alexander"]
[Black "Akhmetov, Ayan"]
[WhiteFideId "4119002"]
[BlackFideId "13703706"]
[WhiteElo "2525"]
[BlackElo "2398"]
[Result "1-0"]
[Round "05"]
[TimeControl "180+2"]
[Date "2023.04.11"]
[WhiteClock "0:00:23"]
[BlackClock "0:00:01"]

1. d4 e6 2. Nf3 Nf6 3. c4 b6 4. a3 Bb7 5. Nc3 g6 6. Qd3 d5 7. Bg5 dxc4 8. Qxc4 Nbd7 9. e3 Bg7 10. Be2 O-O 11. O-O h6 12. Bf4 c5 13. Rfd1 Nd5 14. Bd6 Re8 15. Ne5 Rc8 16. Qa4 Nxc3 17. bxc3 Nxe5 18. dxe5 Qg5 19. Qg4 Qxg4 20. Bxg4 Bf8 21. f4 Red8 22. Bxf8 Kxf8 23. Kf2 Ke7 24. Be2 Be4 25. g3 Rxd1 26. Rxd1 Rd8 27. Ke1 Rxd1+ 28. Kxd1 Kd7 29. Kd2 Kc7 30. Bb5 Bc6 31. Bd3 Bd7 32. g4 Bc6 33. h4 Kd7 34. Ke2 Ke7 35. Kf2 Bd5 36. g5 hxg5 37. fxg5 Bc6 38. Kg3 b5 39. Kf4 a5 40. e4 b4 41. cxb4 cxb4 42. axb4 axb4 43. Ke3 Ba4 44. Kd4 Bd1 45. Kc4 b3 46. Kc3 Kd7 47. Bb5+ Ke7 48. Bc4 Bc2 49. Bxb3 Bxe4 50. Bd1 Bd5 51. Kd4 Bg2 52. Kc5 Kf8 53. Kd6 1-0


[Site "https://www.chess.com"]

[Event "Titled Tuesday Blitz April 11 Late 2023"]
[White "Leiva, Gianmarco"]
[Black "Gharibyan, Mamikon"]
[WhiteFideId "3804399"]
[BlackFideId "13308300"]
[WhiteElo "2345"]
[BlackElo "2445"]
[Result "0-1"]
[Round "05"]
[TimeControl "180+2"]
[Date "2023.04.11"]
[WhiteClock "0:00:02"]
[BlackClock "0:00:09"]

1. e4 e5 2. Nf3 Nc6 3. Bc4 Bc5 4. d3 Nf6 5. O-O d6 6. c3 a5 7. Re1 O-O 8. h3 h6 9. a3 d5 10. exd5 Nxd5 11. Nbd2 Nb6 12. Ne4 Be7 13. Bb5 Na7 14. a4 c6 15. Bc4 Nxc4 16. dxc4 f5 17. Qxd8 Bxd8 18. Nc5 e4 19. Ne5 b6 20. Ncd7 Re8 21. Be3 Bc7 22. Rad1 c5 23. Bf4 Bxd7 24. Rxd7 Bxe5 25. Bxe5 Rxe5 26. Red1 Nc6 27. Rc7 Ne7 28. Rdd7 Re8 29. Rb7 f4 30. Kf1 e3 31. Rxb6 Nf5 32. Rbb7 exf2 33. Kxf2 Kh7 34. Rf7 Kg6 35. Kf3 Re4 36. Rfc7 h5 37. Rc6+ Kg5 38. Rxc5 g6 39. h4+ Kxh4 40. Rb6 Kg5 41. g4 hxg4+ 42. Kf2 Re2+ 43. Kf1 Re1+ 44. Kf2 R8e2# 0-1


[Site "https://www.chess.com"]

[Event "Titled Tuesday Blitz April 11 Late 2023"]
[White "Vakhlamov, Igor L."]
[Black "Martinez Reyes, Pedro Ramon"]
[WhiteFideId "24126748"]
[BlackFideId "3901807"]
[WhiteElo "2400"]
[BlackElo "2340"]
[Result "1-0"]
[Round "05"]
[TimeControl "180+2"]
[Date "2023.04.11"]
[WhiteClock "0:00:08"]
[BlackClock "0:01:17"]

1. e4 e6 2. d4 d5 3. Nc3 Nf6 4. Bd3 c5 5. Nf3 cxd4 6. Nxd4 e5 7. Nb3 dxe4 8. Nxe4 Nxe4 9. Bxe4 Qxd1+ 10. Kxd1 Nc6 11. Be3 Bd7 12. Ke2 f5 13. Bd5 Nb4 14. Bxb7 Rb8 15. Na5 Nxc2 16. Bxa7 Rxb7 17. Nxb7 Bb5+ 18. Kd2 Nxa1 19. Rxa1 Bb4+ 20. Ke3 f4+ 21. Ke4 Bc6+ 22. Kxe5 Bxb7 23. Kxf4 O-O+ 24. Kg3 Bd6+ 25. Kh3 Bc8+ 26. g4 h5 27. Be3 Bxg4+ 28. Kg2 Bf3+ 29. Kf1 Be5 30. a4 Bxb2 31. Rb1 Rd8 32. a5 Rd1+ 33. Rxd1 Bxd1 34. a6 Bf3 35. a7 Be5 36. h3 Kf7 37. Ke1 Bc3+ 38. Kf1 Ke6 39. Kg1 Be5 40. Kf1 Kf5 41. Kg1 Ke4 42. a8=Q+ Kf5 43. Qxf3+ Ke6 44. Qxh5 1-0


[Site "https://www.chess.com"]

[Event "Titled Tuesday Blitz April 11 Late 2023"]
[White "Francisco Guecamburu, Candela Be"]
[Black "Holt, Conrad"]
[WhiteFideId "160911"]
[BlackFideId "2034387"]
[WhiteElo "2326"]
[BlackElo "2592"]
[Result "0-1"]
[Round "05"]
[TimeControl "180+2"]
[Date "2023.04.11"]
[WhiteClock "0:00:16"]
[BlackClock "0:00:26"]

1. e4 e6 2. d4 d5 3. Nc3 Nf6 4. Bg5 dxe4 5. Nxe4 Be7 6. Bxf6 Bxf6 7. Nf3 Nd7 8. Bd3 c5 9. Nxf6+ Qxf6 10. c3 cxd4 11. cxd4 Qd8 12. O-O Nf6 13. Rc1 O-O 14. Qe2 b6 15. Ba6 Bxa6 16. Qxa6 Qd7 17. Rfd1 Rfc8 18. Ne5 Qe8 19. Qb7 Rcb8 20. Qa6 Nd5 21. h3 Rc8 22. Qb7 Rcb8 23. Qa6 h6 24. a3 Rc8 25. Qb7 a5 26. Nd7 Qd8 27. Ne5 Qe8 28. Nd7 Rd8 29. Ne5 Rdb8 30. Qc6 Qxc6 31. Rxc6 Rc8 32. Rdc1 Rxc6 33. Rxc6 Rd8 34. Nc4 Rb8 35. Ne3 Nf6 36. Nc4 Nd5 37. Ne3 Ne7 38. Rc7 Kf8 39. Kf1 Ke8 40. Ke2 Rc8 41. Rb7 Rc6 42. Kd3 Nc8 43. Nc4 Rxc4 44. Kxc4 Nd6+ 0-1


[Site "https://www.chess.com"]

[Event "Titled Tuesday Blitz April 11 Late 2023"]
[White "Mendonca, Leon Luke"]
[Black "Rastbod, Ali"]
[WhiteFideId "35028561"]
[BlackFideId "12567477"]
[WhiteElo "2464"]
[BlackElo "2248"]
[Result "0-1"]
[Round "05"]
[TimeControl "180+2"]
[Date "2023.04.11"]
[WhiteClock "0:00:16"]
[BlackClock "0:00:21"]

1. e4 e6 2. d3 d5 3. Nd2 Nf6 4. g3 e5 5. Bg2 dxe4 6. dxe4 Nc6 7. Ngf3 Bc5 8. O-O O-O 9. c3 a5 10. Qe2 b6 11. b3 Ba6 12. c4 Qe7 13. Bb2 Rad8 14. Rad1 Rd7 15. Bh3 Rd6 16. Nh4 g6 17. Ndf3 Rfd8 18. Rxd6 Qxd6 19. Re1 a4 20. Ng2 a3 21. Ba1 Nd4 22. Bxd4 Bxd4 23. Ne3 Nxe4 24. Nxd4 exd4 25. Ng4 f5 26. Nh6+ Kg7 27. Bxf5 d3 28. Qxe4 d2 29. Rd1 Kxh6 30. Be6 Re8 31. Qe3+ Kg7 32. Qc3+ Kh6 33. Rxd2 Qxe6 34. f3 Qe1+ 35. Kg2 Re2+ 36. Rxe2 Qxc3 0-1


[Site "https://www.chess.com"]

[Event "Titled Tuesday Blitz April 11 Late 2023"]
[White "Baskakov, Egor"]
[Black "Anand, Nadar"]
[WhiteFideId "24197866"]
[BlackFideId "25009141"]
[WhiteElo "2212"]
[BlackElo "2247"]
[Result "1-0"]
[Round "05"]
[TimeControl "180+2"]
[Date "2023.04.11"]
[WhiteClock "0:01:16"]
[BlackClock "0:00:06"]

1. e4 c6 2. d4 d5 3. e5 Bf5 4. Ne2 e6 5. Ng3 Ne7 6. Nxf5 Nxf5 7. c3 Nd7 8. Bd3 Qc7 9. O-O Be7 10. Bf4 O-O 11. Nd2 Rfd8 12. Qg4 g6 13. Nf3 Nf8 14. Qh3 c5 15. g4 Ng7 16. Rac1 Rdc8 17. Qg3 Qb6 18. b3 cxd4 19. cxd4 Qa5 20. Bb1 Ba3 21. Rxc8 Rxc8 22. h4 h5 23. Bg5 hxg4 24. Qxg4 Nh7 25. Be3 Qb5 26. Ng5 Nxg5 27. Bxg5 Bf8 28. h5 gxh5 29. Qf3 Qd7 30. Bf6 Nf5 31. Bxf5 exf5 32. Qxh5 1-0


[Site "https://www.chess.com"]